AoeStats
← Crab_King

Arabia

507791194Analyzed
2v2 RM · 14d ago on Sep 19, 2026· 123m 36s· 4 players
Game mode
Random Map
Map size
Medium (4 player)
Population
200
Speed
Normal
Resources
Standard
Victory
Conquest
Starting age
Dark Age
Ending age
Imperial Age
RankedLock teamsTeams togetherTeam positionsShared explorationLock speedFull tech treeHidden civsTurbo modeCheats
Victory
Defeat
🇵🇪 Magyars · Peru
948
+16
🇵🇪 Romans · Peru
854
+20
🇺🇸 Maya · United States
947
-18
🇵🇹 Portuguese · Portugal
944
-18
Chewbacca
6:16 Loom
13:50 Feudal Age
15:33 Wheelbarrow
14:39 Horse Collar
14:46 Double-Bit Axe
21:36 Town Watch
27:37 Castle Age
29:08 Hand Cart
32:10 Imperial Age
31:02 Pikeman
31:45 Scale Mail Armor
32:11 Stone Mining
32:12 Gold Mining
32:27 Heavy Plow
32:39 Bow Saw
33:34 Guilds
36:06 Stone Shaft Mining
36:37 Two-Man Saw
36:14 Crop Rotation
39:57 Town Patrol
40:47 Elite Organ Gun
43:37 Chemistry
43:26 Arquebus
44:00 Fletching
44:33 Ballistics
44:39 Circumnavigation
44:09 Sappers
45:00 Conscription
46:14 Sappers
46:41 Bodkin Arrow
47:48 Bracer
48:04 Chain Mail Armor
47:32 Treadmill Crane
50:12 Halberdier
50:39 Gambesons
50:39 Arson
51:26 Plate Mail Armor
50:58 Padded Archer Armor
53:44 Caravan
54:08 Bombard Tower
53:58 Masonry
53:54 Siege Engineers
53:44 Murder Holes
56:24 Man-at-Arms
70:06 Long Swordsman
76:54 Architecture
76:35 Fortified Wall
85:06 Scale Barding Armor
85:11 Forging
85:16 Leather Archer Armor
86:26 Light Cavalry
87:16 Bloodlines
87:07 Husbandry
89:41 Cavalier
Crab_King
0:28 Loom
10:30 Feudal Age
11:18 Double-Bit Axe
12:02 Horse Collar
14:24 Gold Mining
17:03 Fletching
22:24 Castle Age
21:56 Padded Archer Armor
23:25 Wheelbarrow
23:02 Bodkin Arrow
23:03 Crossbowman
24:34 Bow Saw
26:46 Heavy Plow
28:06 Thumb Ring
33:13 Ballistics
33:54 Leather Archer Armor
45:29 Imperial Age
46:12 Bracer
47:14 Chemistry
45:36 Arbalester
47:23 Ring Archer Armor
46:59 Squires
47:53 Conscription
47:37 Scale Mail Armor
47:41 Eagle Warrior
48:49 Chain Mail Armor
48:45 Forging
51:08 Plate Mail Armor
51:13 Iron Casting
51:05 Capped Ram
51:36 Elite Eagle Warrior
54:54 Pikeman
56:28 Masonry
56:44 Town Watch
59:21 Blast Furnace
58:44 Hand Cart
59:35 Holcans
64:25 Halberdier
71:48 Hoardings
75:22 Treadmill Crane
Ergos
10:17 Feudal Age
11:12 Horse Collar
15:34 Double-Bit Axe
16:53 Loom
22:13 Castle Age
20:49 Wheelbarrow
22:19 Bloodlines
23:00 Husbandry
24:18 Light Cavalry
25:13 Scale Barding Armor
30:52 Padded Archer Armor
30:44 Fletching
31:46 Elite Skirmisher
33:41 Leather Archer Armor
40:24 Heavy Plow
42:10 Bow Saw
45:10 Imperial Age
42:51 Bodkin Arrow
44:10 Ballistics
43:43 Stone Mining
43:44 Gold Mining
43:41 Town Watch
45:38 Gold Shaft Mining
46:10 Thumb Ring
46:33 Chain Barding Armor
45:40 Cavalier
46:57 Hand Cart
46:14 Capped Ram
48:58 Chemistry
48:55 Ring Archer Armor
48:25 Bracer
49:31 Hussar
53:03 Plate Barding Armor
54:13 Murder Holes
59:02 Coinage
60:24 Banking
64:31 Corvinian Army
64:34 Recurve Bow
65:33 Elite Magyar Huszar
73:47 Two-Man Saw
73:05 Caravan
92:23 Parthian Tactics
91:21 Heavy Cavalry Archer
106:29 Paladin
Jusagh
6:29 Loom
8:52 Feudal Age
9:23 Double-Bit Axe
12:28 Town Watch
15:36 Forging
20:17 Castle Age
20:48 Scale Barding Armor
21:23 Husbandry
25:39 Husbandry
26:12 Bow Saw
27:50 Bloodlines
28:55 Horse Collar
31:08 Wheelbarrow
32:33 Gold Mining
33:54 Stone Mining
35:29 Heavy Plow
36:44 Chain Barding Armor
39:02 Iron Casting
39:38 Ballistas
41:14 Ballistics
42:50 Gold Shaft Mining
46:45 Imperial Age
47:52 Heavy Scorpion
48:26 Elite Centurion
55:36 Plate Barding Armor
58:30 Murder Holes
64:03 Chemistry
63:12 Siege Engineers
64:20 Scale Mail Armor
65:21 Blast Furnace
64:23 Man-at-Arms
65:20 Chain Mail Armor
66:09 Long Swordsman
66:50 Squires
66:43 Capped Ram
67:07 Capped Ram
67:11 Legionary
68:49 Siege Ram
73:08 Crop Rotation
73:39 Coinage
75:30 Caravan
76:02 Banking
87:23 Hand Cart
122:40 Spies/Treason
Connection lost

Rejoining the realm…

Still unreachable

The connection could not be restored.

Session expired

The server has moved on; the page needs a fresh start.